[Event "Titled Tuesday Blitz May 23 Early 2023"]
[White "Karthik Rajaa"]
[Black "Degenbaev, Aziz"]
[WhiteFideId "25035215"]
[BlackFideId "13802640"]
[WhiteElo "2215"]
[BlackElo "2152"]
[Result "0-1"]
[Round "04"]
[TimeControl "180+2"]
[Date "2023.05.23"]
[WhiteClock "0:00:13"]
[BlackClock "0:00:06"]

1. Nf3 Nf6 2. b3 g6 3. Bb2 Bg7 4. g3 c5 5. Bg2 Nc6 6. c4 d6 7. O-O e5 8. Nc3 O-O 9. d3 h6 10. Nd2 Be6 11. Nde4 Qd7 12. Qd2 Ne8 13. Nd5 Bxd5 14. cxd5 Ne7 15. b4 f5 16. Nc3 cxb4 17. Nd1 a5 18. a3 bxa3 19. Rxa3 b6 20. Ne3 Nc7 21. Qd1 b5 22. Qb3 Rfb8 23. Raa1 a4 24. Qb4 Na6 25. Qh4 b4 26. Nc4 Nc5 27. d4 g5 28. Qh5 exd4 29. Rad1 Nb3 30. Rd3 Ra6 31. h4 Qb5 32. hxg5 Qxc4 33. gxh6 Bf6 34. h7+ Kh8 35. Qf7 Bg7 36. Qxe7 Qc8 37. Rfd1 Qe8 38. Qg5 Qxe2 39. Bc1 Nxc1 40. Qxc1 a3 41. Bf3 Qe7 42. Re1 Qd7 43. Re6 a2 44. Qa1 b3 45. Rd2 Qb5 46. Ree2 d3 47. Rb2 dxe2 48. Bxe2 Qxe2 49. Rxb3 Bxa1 50. Rxb8+ Kxh7 51. Kg2 Kg6 52. Rb7 Qe4+ 53. Kh3 Qxd5 54. Rg7+ Bxg7 55. f4 a1=Q 56. Kh4 Qah1# 0-1


[Site "https://www.chess.com"]

[Event "Titled Tuesday Blitz May 23 Early 2023"]
[White "Ioannidis, Evgenios"]
[Black "Kuzmin, Roman"]
[WhiteFideId "4229274"]
[BlackFideId "44134932"]
[WhiteElo "2386"]
[BlackElo "2122"]
[Result "1/2-1/2"]
[Round "04"]
[TimeControl "180+2"]
[Date "2023.05.23"]
[WhiteClock "0:00:29"]
[BlackClock "0:00:12"]

1. d4 Nf6 2. c4 e6 3. Nc3 d5 4. cxd5 exd5 5. Bg5 c6 6. e3 Nbd7 7. Bd3 Be7 8. Nf3 O-O 9. Bf4 Re8 10. h3 Nf8 11. O-O Ne6 12. Bg3 g6 13. Ne5 Ng7 14. Rc1 Bf5 15. f3 Nd7 16. e4 Nxe5 17. Bxe5 dxe4 18. fxe4 Be6 19. d5 cxd5 20. Bb5 Rf8 21. exd5 Bd7 22. Bxd7 Qxd7 23. d6 Bg5 24. Nd5 Rfe8 25. Bxg7 Kxg7 26. Qd4+ Kg8 27. Nf6+ Bxf6 28. Rxf6 Rad8 29. Rcf1 Re6 30. Qd5 Qxd6 31. Qxd6 Rexd6 32. Rxf7 R6d7 33. R7f3 Kg7 34. a4 Re7 35. R1f2 Rd1+ 36. Kh2 Rd4 37. b3 Rb4 38. Rc2 a5 39. g4 h6 40. Rc5 b6 41. Rc6 Rf7 42. Re3 Rf6 43. Rc7+ Rf7 44. Rc2 Rd7 45. Kg3 Rf7 46. Rc6 Rd7 47. h4 Rdd4 48. Re7+ Kf8 49. Rb7 Rxg4+ 50. Kf3 Rgf4+ 51. Ke3 Rfe4+ 52. Kd3 Re7 53. Rbxb6 Rb7 54. Rxb7 Rxb7 55. Kc3 Rg7 56. Rc5 g5 57. hxg5 hxg5 58. Rxa5 g4 59. Rf5+ Ke7 60. Rf1 g3 61. Kc4 Kd6 62. a5 g2 63. Rg1 Kc6 64. b4 Rg4+ 65. Kc3 Kb5 66. Kd3 Rxb4 67. Rxg2 Kxa5 68. Rg8 Rb6 69. Kc4 Rc6+ 70. Kd5 Rc1 71. Ra8+ Kb6 72. Rb8+ Ka7 73. Rb2 Rc7 74. Kd6 Rc1 75. Ra2+ Kb6 76. Rb2+ Ka7 77. Kd7 Rc3 78. Rb4 Ka6 79. Rb1 Ka5 80. Kd6 Ka6 81. Kd5 Rc2 82. Rb3 Rc7 83. Ra3+ Kb5 84. Kd6 Rc1 85. Rb3+ Ka4 86. Rb8 Ka5 87. Ra8+ Kb4 88. Rb8+ Ka5 89. Rh8 Kb4 90. Rh3 Ka5 91. Kd5 Ka4 92. Kd4 Ka5 93. Kd3 Ka6 94. Rh6+ Ka7 95. Kd2 Rc8 96. Rh7+ Ka6 97. Rh3 Ka5 98. Ra3+ Kb4 99. Ra1 Kb5 100. Rb1+ Ka6 101. Ra1+ Kb5 102. Rc1 Rxc1 103. Kxc1 1/2-1/2


[Site "https://www.chess.com"]

[Event "Titled Tuesday Blitz May 23 Early 2023"]
[White "Wagner, Dennis"]
[Black "Staudenhocker43"]
[WhiteFideId "24650684"]
[WhiteElo "2478"]
[BlackElo "2527"]
[Result "1-0"]
[Round "04"]
[TimeControl "180+2"]
[Date "2023.05.23"]
[WhiteClock "0:00:12"]
[BlackClock "0:01:02"]

1. e4 e5 2. Nf3 Nf6 3. Nxe5 d6 4. Nd3 Nxe4 5. Qe2 Qe7 6. Nf4 Nc6 7. Nd5 Nd4 8. Nxe7 Nxe2 9. Nd5 Nd4 10. Na3 Ne6 11. f3 N4c5 12. b4 Nd7 13. Nb5 Kd8 14. Ne3 c6 15. Na3 d5 16. c3 Nf4 17. d4 Nb6 18. Kf2 Bd6 19. Rb1 Re8 20. c4 dxc4 21. Naxc4 Nxc4 22. Nxc4 Bc7 23. Ne5 Bxe5 24. dxe5 Bf5 25. Rb3 Nd5 26. f4 Kc7 27. Be2 Rad8 28. g4 Be4 29. Re1 g6 30. Bc4 f5 31. exf6 Bf5 32. Rxe8 Rxe8 33. gxf5 Nxf6 34. fxg6 hxg6 35. Bb2 Ne4+ 36. Kg2 Nd2 37. Be5+ Kb6 38. Rc3 g5 39. Bf7 Re7 40. Bg6 gxf4 41. Bxf4 Ne4 42. Bxe4 Rxe4 43. Bd2 Kb5 44. Rc2 b6 45. Kf3 Rh4 46. Kg3 Rd4 47. h4 Rd5 48. Kg4 Rd4+ 49. Bf4 Rxb4 50. h5 Rb1 51. h6 Rg1+ 52. Kf5 Rg8 53. h7 Rh8 54. Kg6 c5 55. Be5 Re8 56. h8=Q Rxh8 57. Bxh8 Ka4 58. Kf5 a5 59. Ke4 Kb5 60. Kd5 a4 61. Rb2+ Ka5 62. Kc4 a3 63. Bc3+ Ka6 64. Rb3 Kb7 65. Rxa3 Kc6 66. Rb3 Kc7 67. a4 1-0


[Site "https://www.chess.com"]

[Event "Titled Tuesday Blitz May 23 Early 2023"]
[White "gueraumasague"]
[Black "Weetik, Vjacheslav"]
[BlackFideId "4153472"]
[WhiteElo "2528"]
[BlackElo "2469"]
[Result "1-0"]
[Round "04"]
[TimeControl "180+2"]
[Date "2023.05.23"]
[WhiteClock "0:01:22"]
[BlackClock "0:00:32"]

1. e4 c6 2. Nc3 d5 3. Nf3 dxe4 4. Nxe4 Nf6 5. Qe2 Na6 6. Nxf6+ gxf6 7. g3 Bg4 8. Bg2 Nb4 9. d3 Qd5 10. h3 Nxc2+ 11. Qxc2 Bxf3 12. Bxf3 Qxf3 13. O-O Rg8 14. d4 e6 15. Qxh7 Rg6 16. Bf4 Rd8 17. Rad1 Rd5 18. Rfe1 Bb4 19. Rxe6+ fxe6 20. Qxg6+ Kd7 21. Rd3 Qe2 22. Qf7+ Be7 23. Re3 Qd1+ 24. Kg2 e5 25. dxe5 fxe5 26. Bg5 1-0


[Site "https://www.chess.com"]

[Event "Titled Tuesday Blitz May 23 Early 2023"]
[White "Arat, Ufuk Sezen"]
[Black "Samunenkov, Ihor"]
[WhiteFideId "6309089"]
[BlackFideId "14187086"]
[WhiteElo "2289"]
[BlackElo "2457"]
[Result "1/2-1/2"]
[Round "04"]
[TimeControl "180+2"]
[Date "2023.05.23"]
[WhiteClock "0:00:07"]
[BlackClock "0:00:07"]

1. e4 c6 2. d4 d5 3. e5 Bf5 4. h4 h5 5. Bd3 Bxd3 6. Qxd3 Qa5+ 7. Nd2 e6 8. Nf3 Nh6 9. c4 Be7 10. b3 Nf5 11. g3 Nd7 12. O-O O-O 13. a4 Rfd8 14. Bb2 dxc4 15. Nxc4 Qd5 16. Qe2 Nf8 17. Rfd1 Ng6 18. Rd3 b5 19. Ne3 Nxe3 20. Qxe3 bxa4 21. Rxa4 c5 22. Rc4 Rab8 23. Ne1 Rxb3 24. Rxc5 Bxc5 25. Rxb3 Bxd4 26. Bxd4 Ne7 27. Bxa7 Nf5 28. Rd3 Nxe3 29. Rxd5 Nxd5 30. Kg2 Rc8 31. Kf3 Kh7 32. Nd3 Kg6 33. Bc5 Kf5 34. Bd6 Rc3 35. Ke2 Ke4 36. Nc5+ Kd4 37. Nd7 Rc2+ 38. Kf3 Rc3+ 39. Kg2 Ke4 40. Nf8 Kf5 41. Nh7 Rc2 42. Kf3 Nb6 43. Ng5 Kg6 44. Nh3 Rc3+ 45. Kg2 Nd5 46. Bb8 Rc8 47. Bd6 Ra8 48. Kf3 Ra6 49. Kg2 Rb6 50. Kf3 Rb3+ 51. Kg2 Rc3 52. Bb8 Nb6 53. Nf4+ Kh6 54. Bd6 Nc4 55. Bb8 Nd2 56. Ba7 Nc4 57. Bd4 Rc2 58. Kf3 g6 59. Ke4 Kh7 60. Kd3 Rc1 61. Ne2 Re1 62. Bc3 Rf1 63. Kxc4 Rxf2 64. Kd3 Rf3+ 65. Ke4 Rf1 66. Nf4 Rb1 67. Bd4 Kg8 68. Be3 Rb4+ 69. Bd4 Kf8 70. Nd3 Ra4 71. Nc5 Rb4 72. Ke3 Ke8 73. Nd3 Ra4 74. Bc5 Kd7 75. Bd4 Kc6 76. Bc3 Kd5 77. Nf4+ Kc4 78. Bd2 Ra3+ 79. Ke4 Rxg3 80. Be1 Rg4 81. Kf3 Kd4 82. Bg3 Kxe5 83. Nxg6+ Kf5 84. Ne7+ Kf6 85. Nc6 Kg6 86. Ne5+ Kf5 87. Nxg4 hxg4+ 88. Ke3 e5 89. Bf2 Ke6 90. h5 f5 91. Bh4 Kf7 92. Bg5 Kg7 93. Kd3 Kf7 94. Kc4 Ke6 95. h6 Kf7 96. h7 Kg7 97. Bf6+ Kxh7 98. Bxe5 Kg6 99. Bf4 Kh5 100. Kd3 Kh4 101. Ke3 g3 102. Kf3 Kh3 103. Bxg3 f4 104. Kxf4 1/2-1/2


[Site "https://www.chess.com"]

[Event "Titled Tuesday Blitz May 23 Early 2023"]
[White "Papasimakopoulos, Alexandros"]
[Black "tetrix83"]
[WhiteFideId "4244125"]
[WhiteElo "2359"]
[BlackElo "2525"]
[Result "1-0"]
[Round "04"]
[TimeControl "180+2"]
[Date "2023.05.23"]
[WhiteClock "0:01:18"]
[BlackClock "0:00:34"]

1. d4 Nf6 2. c4 g6 3. Nc3 Bg7 4. Bg5 d6 5. e3 O-O 6. Be2 c5 7. d5 Bf5 8. g4 Ne4 9. Nxe4 Bxe4 10. f3 h6 11. Bf4 g5 12. fxe4 gxf4 13. exf4 Bxb2 14. Rb1 Bc3+ 15. Kf2 e5 16. dxe6 fxe6 17. Nh3 Qh4+ 18. Kg2 Bd4 19. Rxb7 Nc6 20. Qe1 Qf6 21. Qb1 Rab8 22. e5 dxe5 23. Qh7# 1-0


[Site "https://www.chess.com"]

[Event "Titled Tuesday Blitz May 23 Early 2023"]
[White "Nazari, Arad"]
[Black "Manukyan, Artyom"]
[WhiteFideId "12577324"]
[BlackFideId "13305786"]
[WhiteElo "2175"]
[BlackElo "2078"]
[Result "1-0"]
[Round "04"]
[TimeControl "180+2"]
[Date "2023.05.23"]
[WhiteClock "0:01:18"]
[BlackClock "0:00:43"]

1. e4 c5 2. Nf3 d6 3. Bb5+ Bd7 4. Bxd7+ Qxd7 5. O-O Nc6 6. c3 Nf6 7. Re1 e6 8. d4 cxd4 9. cxd4 d5 10. e5 Ne4 11. a3 Be7 12. Qd3 O-O 13. Nbd2 Nxd2 14. Bxd2 Rfc8 15. h4 h6 16. h5 Bd8 17. g4 Ne7 18. Kh1 Qa4 19. Bc3 Qc4 20. Qd2 Kh8 21. Qf4 Kg8 22. Re3 b5 23. Rg1 a5 24. g5 hxg5 25. Nxg5 Nf5 26. h6 Nxh6 27. Nxe6 fxe6 28. Qxh6 Qc7 29. Reg3 Ra7 30. Qxe6+ Kf8 31. Rf3+ 1-0


[Site "https://www.chess.com"]

[Event "Titled Tuesday Blitz May 23 Early 2023"]
[White "Yelisieiev, Yevhenii"]
[Black "Dimitrov, Atanas"]
[WhiteFideId "14139642"]
[BlackFideId "2901315"]
[WhiteElo "2403"]
[BlackElo "2707"]
[Result "0-1"]
[Round "04"]
[TimeControl "180+2"]
[Date "2023.05.23"]
[WhiteClock "0:00:03"]
[BlackClock "0:00:03"]

1. d4 Nf6 2. Nf3 g6 3. g3 Bg7 4. Bg2 O-O 5. O-O b6 6. b3 Bb7 7. Bb2 c5 8. dxc5 bxc5 9. c4 d6 10. Nc3 Nc6 11. Qd2 Rb8 12. Rfe1 e5 13. e3 Qe7 14. Rad1 Rfd8 15. Ng5 Nb4 16. Bxb7 Rxb7 17. Ba1 h6 18. Nge4 Nxe4 19. Nxe4 Rbd7 20. Nc3 e4 21. Nd5 Nxd5 22. Qxd5 Bxa1 23. Rxa1 Qe8 24. Red1 Re7 25. Rd2 a5 26. h4 h5 27. Qg5 Re5 28. Qf6 Re6 29. Qc3 a4 30. b4 cxb4 31. Qxb4 Qc6 32. Rad1 Rc8 33. Rd4 Re7 34. Rxd6 Qc7 35. R6d4 Re6 36. Qxa4 Rc6 37. Qc2 f5 38. Rd7 Qe5 39. Qb3 Rb8 40. Qc2 Ra6 41. Qd2 Rb2 42. Qd5+ Qxd5 43. cxd5 Raxa2 44. Rf1 Rd2 45. Rd8+ Kg7 46. d6 Ra6 47. d7 Rad6 48. Kg2 Rxd7 49. Rxd7+ Rxd7 50. Rc1 Rd2 51. Rc6 Kh6 52. Rc8 Rd7 53. Rh8+ Kg7 54. Ra8 Rd6 55. Ra7+ Kf6 56. Ra5 g5 57. hxg5+ Kxg5 58. Ra8 Rg6 59. Rf8 h4 60. Kh3 hxg3 61. Kxg3 Rg7 62. Re8 Kf6+ 63. Kh2 Rg6 64. Rf8+ Ke5 65. Re8+ Kd5 66. Rf8 Rg5 67. Kh3 Kc4 68. Kh4 Rg4+ 69. Kh5 Rg2 70. Rxf5 Kd3 71. Rf4 Ke2 72. Rxe4 Kxf2 73. Re8 Kf3 74. e4 Kf4 75. e5 Kf5 76. e6 Rh2# 0-1


[Site "https://www.chess.com"]

[Event "Titled Tuesday Blitz May 23 Early 2023"]
[White "Volkov, Maksim"]
[Black "Santos Flores, Alberto"]
[WhiteFideId "54123070"]
[BlackFideId "3601234"]
[WhiteElo "2297"]
[BlackElo "2235"]
[Result "1-0"]
[Round "04"]
[TimeControl "180+2"]
[Date "2023.05.23"]
[WhiteClock "0:00:11"]
[BlackClock "0:00:00"]

1. d4 d5 2. c4 c6 3. Nf3 Nf6 4. g3 Bf5 5. Nc3 e6 6. Nh4 Bg6 7. Nxg6 hxg6 8. Qd3 Nbd7 9. Bg2 Be7 10. O-O O-O 11. b3 a6 12. Bb2 b5 13. e4 b4 14. e5 bxc3 15. exf6 cxb2 16. fxe7 bxa1=Q 17. exf8=Q+ Qxf8 18. Rxa1 Qa3 19. Qc3 Nf6 20. Qc1 Qxc1+ 21. Rxc1 a5 22. Bf1 a4 23. b4 a3 24. b5 cxb5 25. cxb5 Ne4 26. Bd3 Rb8 27. Rc6 Nd2 28. Rc3 Nc4 29. Rb3 Kf8 30. f3 Ke7 31. Kf2 Kd6 32. Ke2 Kc7 33. Rb4 Kd6 34. Bxc4 dxc4 35. Kd2 Kd5 36. Kc3 g5 37. b6 f6 38. b7 Kc6 39. Kxc4 Kc7 40. Kb3 Rxb7 41. Rxb7+ Kxb7 42. Kxa3 Kc6 43. Kb4 Kd5 44. a4 Kxd4 45. a5 Kd5 46. Kb5 Kd6 47. Kb6 1-0


[Site "https://www.chess.com"]

[Event "Titled Tuesday Blitz May 23 Early 2023"]
[White "Chan, Luis"]
[Black "Martinez Ramirez, Lennis"]
[WhiteFideId "3216357"]
[BlackFideId "3509079"]
[WhiteElo "2127"]
[BlackElo "2410"]
[Result "1-0"]
[Round "04"]
[TimeControl "180+2"]
[Date "2023.05.23"]
[WhiteClock "0:00:29"]
[BlackClock "0:00:41"]

1. b3 Nf6 2. Bb2 g6 3. Bxf6 exf6 4. c4 Bg7 5. Nc3 O-O 6. g3 Nc6 7. Bg2 f5 8. Rc1 Re8 9. e3 Ne5 10. d4 Ng4 11. Nge2 c6 12. O-O d6 13. Nf4 h5 14. h4 a5 15. Qd3 Bd7 16. a3 Qf6 17. b4 axb4 18. axb4 Ra7 19. b5 Rea8 20. c5 d5 21. Ncxd5 cxd5 22. Nxd5 Qd8 23. c6 bxc6 24. bxc6 Be6 25. c7 Qd6 26. Rc6 Qd7 27. Nb6 Qxc6 28. Bxc6 Rf8 29. d5 Rxc7 30. dxe6 Rxc6 31. Nd7 Rxe6 32. Nxf8 Bxf8 33. Rb1 Kg7 34. Qd4+ Nf6 35. Rb7 Be7 36. Kg2 Kf8 37. Qc4 Ne4 38. Qc8+ Kg7 39. Rb8 Nf6 40. Qh8# 1-0


[Site "https://www.chess.com"]

[Event "Titled Tuesday Blitz May 23 Early 2023"]
[White "Matinian, Nikita"]
[Black "Bagwe Gaurang"]
[WhiteFideId "24129100"]
[BlackFideId "45039895"]
[WhiteElo "2422"]
[BlackElo "1847"]
[Result "1-0"]
[Round "04"]
[TimeControl "180+2"]
[Date "2023.05.23"]
[WhiteClock "0:01:43"]
[BlackClock "0:00:41"]

1. e4 c5 2. Nf3 d6 3. Bb5+ Nc6 4. O-O e5 5. c3 a6 6. Bxc6+ bxc6 7. d4 cxd4 8. cxd4 Qc7 9. Nc3 Nf6 10. Bg5 Be7 11. Rc1 O-O 12. Bxf6 Bxf6 13. Nd5 Qd8 14. Rxc6 Bb7 15. Nxf6+ gxf6 16. Rc3 Bxe4 17. Nh4 Kh8 18. Re1 Bg6 19. Rh3 Rc8 20. Qd2 Rg8 21. f4 Rc2 22. Nxg6+ Rxg6 23. Qxc2 Qd7 24. dxe5 Rg8 25. Qxh7# 1-0


[Site "https://www.chess.com"]

[Event "Titled Tuesday Blitz May 23 Early 2023"]
[White "Radzhabov, Rodion"]
[Black "Yurasova, Daria"]
[WhiteFideId "884715"]
[BlackFideId "34146919"]
[WhiteElo "2215"]
[BlackElo "2109"]
[Result "1-0"]
[Round "04"]
[TimeControl "180+2"]
[Date "2023.05.23"]
[WhiteClock "0:00:14"]
[BlackClock "0:00:04"]

1. e4 e5 2. Nf3 Nc6 3. Nc3 Nf6 4. Be2 Be7 5. O-O d6 6. d4 O-O 7. h3 h6 8. Be3 a6 9. a4 b6 10. Qd2 Bb7 11. d5 Nb8 12. Nh2 Nbd7 13. b4 c6 14. dxc6 Bxc6 15. f3 Qc7 16. b5 axb5 17. Nxb5 Bxb5 18. Bxb5 Nc5 19. Rfd1 Rfc8 20. Ng4 Ne8 21. Qd5 h5 22. Nf2 Nf6 23. Qd2 Ne6 24. c4 Nc5 25. Nd3 Nb3 26. Qb2 Nxa1 27. Rxa1 Nd7 28. Nb4 Nf6 29. Qf2 Qb7 30. g4 hxg4 31. hxg4 d5 32. Nxd5 Nxd5 33. exd5 Bc5 34. Bxc5 bxc5 35. d6 Qb6 36. d7 Rd8 37. Rd1 Qf6 38. Rd5 Rab8 39. Kg2 e4 40. fxe4 Qe6 41. Qf5 Qe7 42. Qe5 Qh4 43. Qg3 Qf6 44. Re5 Qc6 45. Bxc6 Rb2+ 46. Kh3 Rbb8 47. Re8+ Rxe8 48. dxe8=Q+ Rxe8 49. Bxe8 1-0


[Site "https://www.chess.com"]

[Event "Titled Tuesday Blitz May 23 Early 2023"]
[White "Liu, Casper"]
[Black "Camilla_Lee"]
[WhiteFideId "1454153"]
[WhiteElo "2221"]
[BlackElo "2694"]
[Result "1-0"]
[Round "04"]
[TimeControl "180+2"]
[Date "2023.05.23"]
[WhiteClock "0:00:10"]
[BlackClock "0:00:16"]

1. d4 Nf6 2. Bf4 e6 3. e3 b6 4. Nf3 Bb7 5. Nbd2 d5 6. Bd3 Nbd7 7. h3 Ne4 8. O-O Be7 9. c4 O-O 10. Qc2 f5 11. cxd5 exd5 12. Qxc7 Qxc7 13. Bxc7 Rac8 14. Rac1 Bb4 15. Nb1 Ndf6 16. a3 Be7 17. Ne5 g6 18. Bb5 a6 19. Bd7 Ra8 20. Bxb6 a5 21. Bc6 Bxc6 22. Nxc6 Bd6 23. Nc3 Ra6 24. Na4 Nd2 25. Nxa5 Nxf1 26. Kxf1 Nd7 27. Rc6 Be7 28. b4 Nxb6 29. Nxb6 Ra7 30. Nxd5 Bd8 31. Nc4 Kf7 32. b5 Be7 33. b6 Rb7 34. Rc7 Rfb8 35. Nxe7 Rxb6 36. Nc6+ Ke6 37. Nxb8 Rxb8 38. Rxh7 Kd5 39. Ne5 Ke4 40. g3 g5 41. Ra7 f4 42. gxf4 gxf4 43. Ng4 f3 44. Kg1 Kd3 45. Kh2 Ke2 46. Kg3 Rb1 47. d5 Rg1+ 48. Kf4 Rd1 49. e4 Rh1 50. d6 Rxh3 51. d7 Rh8 52. e5 Rf8+ 53. Kg3 Rg8 54. e6 Kf1 55. e7 Kg1 56. e8=Q 1-0


[Site "https://www.chess.com"]

[Event "Titled Tuesday Blitz May 23 Early 2023"]
[White "Zhu, Jiner"]
[Black "Goltseva, Ekaterina"]
[WhiteFideId "8608059"]
[BlackFideId "24173770"]
[WhiteElo "2384"]
[BlackElo "2114"]
[Result "1-0"]
[Round "04"]
[TimeControl "180+2"]
[Date "2023.05.23"]
[WhiteClock "0:00:20"]
[BlackClock "0:00:00"]

1. c4 Nf6 2. Nc3 e6 3. e4 e5 4. Nf3 Nc6 5. d3 Bc5 6. Be2 h6 7. a3 a5 8. O-O d6 9. Be3 O-O 10. Qd2 Nd4 11. Bxd4 exd4 12. Nb5 c6 13. Nbxd4 d5 14. cxd5 cxd5 15. e5 Ng4 16. Nb3 Bxf2+ 17. Rxf2 Nxf2 18. Kxf2 Qb6+ 19. Nbd4 f6 20. exf6 Rxf6 21. Kg1 Rxf3 22. Bxf3 Qxd4+ 23. Kh1 Be6 24. Re1 Bf7 25. Re7 Rc8 26. Rxb7 Bg6 27. h3 Kh7 28. Rb5 Qa4 29. Rxd5 Rc2 30. Qd1 Qc6 31. Rd4 Qc5 32. Rc4 Rxc4 33. dxc4 Qxc4 34. Qd2 Qf1+ 35. Kh2 Qb5 36. Qd4 Qb8+ 37. Kh1 Qb3 38. Qe5 Qc2 39. Kh2 Qc1 40. b4 Qxa3 41. bxa5 1-0


[Site "https://www.chess.com"]

[Event "Titled Tuesday Blitz May 23 Early 2023"]
[White "Filipascu"]
[Black "Domingo Nunez, Ruben"]
[BlackFideId "22245570"]
[WhiteElo "2506"]
[BlackElo "2404"]
[Result "1-0"]
[Round "04"]
[TimeControl "180+2"]
[Date "2023.05.23"]
[WhiteClock "0:01:13"]
[BlackClock "0:01:16"]

1. c4 g6 2. d4 Bg7 3. Nc3 d6 4. e4 Nd7 5. Nf3 e5 6. d5 a5 7. Bd3 Nc5 8. Bc2 Bd7 9. O-O h5 10. Bg5 f6 11. Be3 Bh6 12. Bxc5 dxc5 13. d6 c6 14. Ne1 b6 15. a3 Bg4 16. Qd3 Bf8 17. Ba4 Bd7 18. f4 exf4 19. e5 Kf7 20. Rxf4 f5 21. Rf2 Qe8 22. Nf3 Bh6 23. Re1 Qe6 24. Nd5 b5 25. Nc7 bxa4 26. Nxe6 Bxe6 27. Nh4 Bg5 28. Nxf5 1-0


[Site "https://www.chess.com"]

[Event "Titled Tuesday Blitz May 23 Early 2023"]
[White "Zaitsev, Alexander"]
[Black "Stoleriu, George"]
[WhiteFideId "4164490"]
[BlackFideId "1227505"]
[WhiteElo "2373"]
[BlackElo "2308"]
[Result "0-1"]
[Round "04"]
[TimeControl "180+2"]
[Date "2023.05.23"]
[WhiteClock "0:00:00"]
[BlackClock "0:00:04"]

1. e4 c5 2. Nf3 Nc6 3. Bb5 g6 4. Bxc6 dxc6 5. h3 Bg7 6. d3 Nf6 7. Nc3 Nd7 8. Be3 e5 9. Qd2 Qe7 10. Bh6 O-O 11. h4 f6 12. Bxg7 Kxg7 13. h5 g5 14. h6+ Kh8 15. O-O-O Rd8 16. Nh2 Nf8 17. g3 Ng6 18. Ne2 c4 19. f4 cxd3 20. cxd3 exf4 21. gxf4 gxf4 22. Nxf4 Nxf4 23. Qxf4 Qe5 24. Qf3 Be6 25. Kb1 Rg8 26. d4 Qg5 27. d5 cxd5 28. exd5 Qf5+ 29. Qxf5 Bxf5+ 30. Ka1 Rad8 31. Rhf1 Be4 32. d6 f5 33. a3 Rd7 34. Nf3 Bxf3 35. Rxf3 Rf8 36. Rc3 Kg8 37. Rg1+ Kh8 38. Rd1 Kg8 39. Rc7 Rfd8 40. Rxd7 Rxd7 41. Rd5 f4 42. Rg5+ Kf7 43. Rf5+ Ke8 44. Rxf4 Rxd6 45. Rh4 Kf7 46. Ka2 Kg6 47. Kb3 Kg5 0-1


[Site "https://www.chess.com"]

[Event "Titled Tuesday Blitz May 23 Early 2023"]
[White "Pacan-Milej, Kosma"]
[Black "Turzo, Attila"]
[WhiteFideId "21800537"]
[BlackFideId "704954"]
[WhiteElo "2302"]
[BlackElo "2484"]
[Result "0-1"]
[Round "04"]
[TimeControl "180+2"]
[Date "2023.05.23"]
[WhiteClock "0:00:00"]
[BlackClock "0:00:16"]

1. d4 Nf6 2. c4 g6 3. Nc3 Bg7 4. e4 d6 5. h3 O-O 6. Be3 c5 7. d5 b5 8. cxb5 a6 9. Nf3 axb5 10. Bxb5 Nxe4 11. Nxe4 Qa5+ 12. Nc3 Bxc3+ 13. bxc3 Qxb5 14. a4 Qc4 15. Nd2 Qxd5 16. O-O Nd7 17. Bh6 Re8 18. c4 Qd3 19. Re1 Bb7 20. Rb1 Bc6 21. Rb3 Qd4 22. Rbe3 Qh4 23. Nf3 Qxh6 24. Rxe7 Ne5 25. Nxe5 dxe5 26. R1xe5 Rxe7 27. Rxe7 Bxa4 28. Qd5 Rf8 29. Qxc5 Qc1+ 30. Kh2 Qf4+ 31. g3 Qf3 32. Qd4 Bc6 0-1


[Site "https://www.chess.com"]

[Event "Titled Tuesday Blitz May 23 Early 2023"]
[White "Andreev, Konstantin"]
[Black "Mendez Fortes, Eduardo Jesus"]
[WhiteFideId "24239305"]
[BlackFideId "3502376"]
[WhiteElo "2106"]
[BlackElo "2307"]
[Result "0-1"]
[Round "04"]
[TimeControl "180+2"]
[Date "2023.05.23"]
[WhiteClock "0:00:01"]
[BlackClock "0:00:17"]

1. e4 c5 2. Nf3 d6 3. d4 cxd4 4. Nxd4 Nf6 5. Nc3 a6 6. h4 e5 7. Nb3 Nc6 8. Bg5 Be6 9. Qd3 Be7 10. Bxf6 Bxf6 11. g3 O-O 12. O-O-O Qb6 13. Rh2 Rac8 14. Kb1 Rfd8 15. Bh3 Nb4 16. Qd2 Rc7 17. a3 Nxc2 18. Bxe6 Nxa3+ 19. bxa3 fxe6 20. Ka2 Rdc8 21. Rc1 Be7 22. f3 Rc4 23. Qb2 Qc7 24. Rhc2 b5 25. Kb1 g5 26. h5 g4 27. f4 exf4 28. gxf4 d5 29. e5 Qb6 30. Ne2 Qf2 31. Ned4 Qxf4 32. Nxe6 Qe4 33. Nd2 Rxc2 34. Rxc2 Qd3 35. Nf4 Rxc2 36. Nxd3 Rxb2+ 37. Kxb2 g3 38. Nf3 Kf7 39. Nf4 Bc5 40. Ng5+ Ke7 41. Nxd5+ Ke8 42. Nf4 Be3 43. Ngh3 Bd4+ 44. Kb3 Bxe5 45. Kc2 Bd6 46. Kd3 Bxa3 47. Ng1 Bd6 48. Ke4 a5 49. Nge2 a4 50. Nc3 a3 51. Nfe2 b4 52. Na2 b3 53. Nec3 bxa2 54. Nxa2 Kf7 55. Kf3 Kf6 56. Kg2 Kg5 0-1


[Site "https://www.chess.com"]

[Event "Titled Tuesday Blitz May 23 Early 2023"]
[White "Vlassov, Nikolai"]
[Black "Toropov, Pavel"]
[WhiteFideId "4103360"]
[BlackFideId "24129178"]
[WhiteElo "2324"]
[BlackElo "2182"]
[Result "1-0"]
[Round "04"]
[TimeControl "180+2"]
[Date "2023.05.23"]
[WhiteClock "0:01:17"]
[BlackClock "0:00:19"]

1. e4 e6 2. c4 d5 3. cxd5 exd5 4. Qb3 Nf6 5. e5 Ne4 6. d4 Be7 7. Bd3 O-O 8. Ne2 c5 9. Bxe4 dxe4 10. d5 Re8 11. Bf4 Bg5 12. Bg3 Bh4 13. e6 fxe6 14. Nbc3 exd5 15. Nxd5 Be6 16. O-O-O Bxg3 17. hxg3 Nc6 18. Nef4 Nd4 19. Rxd4 cxd4 20. Nxe6 Rxe6 21. Nf4 Qc8+ 22. Kb1 Kf7 23. Nxe6 1-0


[Site "https://www.chess.com"]

[Event "Titled Tuesday Blitz May 23 Early 2023"]
[White "Dehtiarov, Roman"]
[Black "Rodchenkov, Sergey D."]
[WhiteFideId "14186640"]
[BlackFideId "4168712"]
[WhiteElo "2189"]
[BlackElo "2277"]
[Result "1-0"]
[Round "04"]
[TimeControl "180+2"]
[Date "2023.05.23"]
[WhiteClock "0:00:02"]
[BlackClock "0:00:00"]

1. c4 e5 2. Nc3 Nf6 3. Nf3 Nc6 4. e3 Bb4 5. Qc2 Bxc3 6. Qxc3 Qe7 7. a3 e4 8. Nd4 O-O 9. b4 d6 10. Bb2 Ne5 11. Be2 h5 12. f4 exf3 13. Nxf3 Bg4 14. Nxe5 Bxe2 15. Kxe2 dxe5 16. Qxe5 Qd7 17. Qd4 Qc8 18. Rhf1 Rd8 19. Qf4 Qd7 20. d4 Re8 21. d5 Ng4 22. Rf3 Qa4 23. Rd1 f6 24. h3 Ne5 25. Qd4 Nxf3 26. gxf3 Qc2+ 27. Rd2 Qf5 28. e4 Qxh3 29. Qf2 Qh1 30. Kd3 Qb1+ 31. Kc3 a5 32. b5 c6 33. dxc6 bxc6 34. Qg2 a4 35. Rd7 g6 36. Qxg6+ 1-0


[Site "https://www.chess.com"]

[Event "Titled Tuesday Blitz May 23 Early 2023"]
[White "Ehlvest, Jaan"]
[Black "Shukhman, Anna"]
[WhiteFideId "4500016"]
[BlackFideId "54180058"]
[WhiteElo "2442"]
[BlackElo "2235"]
[Result "1-0"]
[Round "04"]
[TimeControl "180+2"]
[Date "2023.05.23"]
[WhiteClock "0:00:46"]
[BlackClock "0:00:12"]

1. e4 c5 2. Nf3 a6 3. g3 b5 4. d4 Bb7 5. d5 e6 6. c4 bxc4 7. Nc3 d6 8. dxe6 fxe6 9. Bxc4 Qf6 10. Ng5 Nd7 11. Nxe6 Ne5 12. Bd5 Bxd5 13. Nxd5 Qf3 14. Qxf3 Nxf3+ 15. Ke2 Kd7 16. Nb6+ Kxe6 17. Nxa8 Nd4+ 18. Kd3 Nf6 19. Be3 Be7 20. Nc7+ Kd7 21. Bxd4 cxd4 22. Nd5 Ng4 23. Raf1 Rb8 24. b3 a5 25. f4 a4 26. b4 Ne3 27. Nxe3 dxe3 28. a3 d5 29. e5 Ke6 30. Kxe3 Bd8 31. Rc1 Bb6+ 32. Kd3 Kf5 33. Rc6 Bf2 34. Ke2 Bd4 35. Kf3 h5 36. h3 1-0


[Site "https://www.chess.com"]